[Event "Gibraltar Amateurs A 2020"]
[Site "Caleta"]
[Date "2020.01.23"]
[Round "4.8"]
[White "D`haluin, Wim"]
[Black "Oueld El Hachemi, Abdelhaq"]
[Result "1-0"]
[ECO "D02"]
[WhiteElo "1686"]
[BlackElo "1788"]
[Annotator "NA"]
[PlyCount "75"]
[EventDate "2020.01.20"]
[EventType "swiss"]
[EventCountry "GGB"]
[SourceTitle "playchess.com"]
[Source "ChessBase"]
[SourceQuality "1"]
[TimeControl "6600+10"]

1. d4 d5 2. Nf3 Nc6 3. Bf4 e6 4. e3 a6 5. c4 Nf6 6. Be2 Bb4+ 7. Nbd2 Ne4 8. O-O g5 9. Nxe4 dxe4 10. Nxg5 Bd6 11. Bxd6 cxd6 12. Nxe4 O-O 13. f4 f5 14. Nc3 Qb6 15. Na4 Qa7 16. c5 dxc5 17. Nxc5 Rd8 18. Bc4 Rd6 19. Qh5 b6 20. Nd3 Nxd4 21. exd4 Rxd4 22. Qg5+ Kh8 23. Qf6+ Qg7 24. Qxg7+ Kxg7 25. Ne5 b5 26. Bb3 Rd2 27. Rf2 Rd6 28. Rd1 Rxd1+ 29. Bxd1 Bb7 30. Bb3 Kf6 31. Rd2 Rg8 32. g3 Rg7 33. Rd6 Rc7 34. Rxe6+ Kg7 35. Kf2 a5 36. a4 b4 37. Rd6 Bc8 38. Rc6 1-0

[Event "Gibraltar Amateurs A 2020"]
[Site "Caleta"]
[Date "2020.01.23"]
[Round "4.9"]
[White "Anjali R. Sagar"]
[Black "Poggio, Freddie"]
[Result "1-0"]
[ECO "B90"]
[WhiteElo "1775"]
[BlackElo "1680"]
[Annotator "NA"]
[PlyCount "65"]
[EventDate "2020.01.20"]
[EventType "swiss"]
[EventCountry "GGB"]
[SourceTitle "playchess.com"]
[Source "ChessBase"]
[SourceQuality "1"]
[TimeControl "6600+10"]

1. e4 c5 2. Nf3 d6 3. d4 cxd4 4. Nxd4 Nf6 5. Nc3 a6 6. f3 Qc7 7. Be3 Nbd7 8. g4 e6 9. g5 Ng8 10. f4 Ne7 11. Qd2 g6 12. O-O-O Nc6 13. Nb3 b5 14. h4 Bb7 15. h5 b4 16. Ne2 Na5 17. hxg6 Nxb3+ 18. axb3 fxg6 19. Qxb4 Rc8 20. Nc3 a5 21. Qd4 e5 22. fxe5 dxe5 23. Qd3 Bc5 24. Bh3 Bxe3+ 25. Qxe3 Rd8 26. Nb5 Qc6 27. Nd6+ Ke7 28. Nxb7 Qxb7 29. Rhf1 Rhf8 30. Bxd7 Rxf1 31. Qc5+ Kf7 32. Rxf1+ Kg7 33. Qxe5+ 1-0

[Event "Gibraltar Amateurs A 2020"]
[Site "Caleta"]
[Date "2020.01.23"]
[Round "4.10"]
[White "Savage, Neil"]
[Black "Stamenov, Valeriy"]
[Result "0-1"]
[ECO "C62"]
[WhiteElo "1608"]
[BlackElo "1761"]
[Annotator "NA"]
[PlyCount "84"]
[EventDate "2020.01.20"]
[EventType "swiss"]
[EventCountry "GGB"]
[SourceTitle "playchess.com"]
[Source "ChessBase"]
[SourceQuality "1"]
[TimeControl "6600+10"]

1. e4 e5 2. Nf3 Nc6 3. Bb5 d6 4. d4 exd4 5. Nxd4 Bd7 6. Nc3 g6 7. Be3 Bg7 8. Qd2 Nf6 9. Bxc6 bxc6 10. Bh6 O-O 11. Bxg7 Kxg7 12. O-O Re8 13. f3 Rb8 14. b3 c5 15. Nde2 Bc6 16. Nf4 Qe7 17. Ncd5 Bxd5 18. Nxd5 Nxd5 19. Qxd5 Rb6 20. Rfd1 Qe5 21. Qxe5+ Rxe5 22. a3 a5 23. Rab1 Re8 24. a4 Reb8 25. Rd5 f6 26. f4 Re8 27. Re1 Rb4 28. e5 fxe5 29. fxe5 Rd4 30. Rxd4 cxd4 31. e6 Kf6 32. Rf1+ Kxe6 33. Re1+ Kd7 34. Rxe8 Kxe8 35. Kf2 c5 36. Kf3 Kd7 37. Ke4 Ke6 38. g4 g5 39. Kd3 d5 40. c4 dxc3 41. Kxc3 Ke5 42. Kd3 Kf4 0-1

[Event "Gibraltar Amateurs A 2020"]
[Site "Caleta"]
[Date "2020.01.23"]
[Round "4.11"]
[White "Jimenez Urquijo, Juan Manuel"]
[Black "Sagar Siya"]
[Result "0-1"]
[ECO "A16"]
[WhiteElo "1567"]
[BlackElo "1740"]
[Annotator "NA"]
[PlyCount "118"]
[EventDate "2020.01.20"]
[EventType "swiss"]
[EventCountry "GGB"]
[SourceTitle "playchess.com"]
[Source "ChessBase"]
[SourceQuality "1"]
[TimeControl "6600+10"]

1. Nf3 Nf6 2. c4 g6 3. Nc3 d5 4. cxd5 Nxd5 5. Qa4+ c6 6. Qd4 f6 7. e4 Nxc3 8. Qxd8+ Kxd8 9. dxc3 Bg7 10. Be3 Kc7 11. O-O-O Nd7 12. Bc4 Nb6 13. Bb3 e5 14. Nd2 Re8 15. Bf7 Re7 16. Bg8 Bg4 17. Bxh7 Bxd1 18. Rxd1 Bh6 19. Bxg6 Bxe3 20. fxe3 Rg7 21. Bf5 Rxg2 22. h3 Rd8 23. b3 Re2 24. h4 Rxe3 25. Kc2 Rg3 26. h5 Nc8 27. Bg6 Ne7 28. Bf7 b5 29. Be6 Rd6 30. Bf7 Rg7 31. Bg6 Nxg6 32. hxg6 Rxg6 33. b4 Rg2 34. Kc1 Kd7 35. Kc2 Ke6 36. Kc1 Ke7 37. Kc2 Kd7 38. a3 a6 39. Kc1 Ke6 40. Kc2 f5 41. exf5+ Kxf5 42. c4 bxc4 43. Kc3 Rd3+ 44. Kxc4 Rdxd2 45. Rh1 Rc2+ 46. Kb3 e4 47. Rh3 Rcf2 48. Ka4 Rf3 49. Rh8 e3 50. Rf8+ Kg4 51. Re8 e2 52. Re6 Rf1 53. Rg6+ Kh3 54. Rh6+ Kg3 55. Rg6+ Kh2 56. Rxc6 e1=Q 57. Rxa6 Qd1+ 58. Ka5 Rf5+ 59. b5 Qd2+ 0-1

[Event "Gibraltar Amateurs A 2020"]
[Site "Caleta"]
[Date "2020.01.23"]
[Round "4.13"]
[White "Sedgwick, David"]
[Black "Hudson, Jeremy"]
[Result "1-0"]
[ECO "C47"]
[WhiteElo "1894"]
[BlackElo "1570"]
[Annotator "NA"]
[PlyCount "73"]
[EventDate "2020.01.20"]
[EventType "swiss"]
[EventCountry "GGB"]
[SourceTitle "playchess.com"]
[Source "ChessBase"]
[SourceQuality "1"]
[TimeControl "6600+10"]

1. e4 e5 2. Nf3 Nf6 3. Nc3 Nc6 4. d4 exd4 5. Nxd4 Bc5 6. Be3 Bxd4 7. Bxd4 Nxd4 8. Qxd4 O-O 9. e5 {[%emt 0:01:44] C47: Scotch Four Knights and Four Knights with 4 g3} Ne8 10. O-O-O d6 11. f4 Bg4 $146 ({Predecessor:} 11... Be6 12. Bd3 Qh4 13. g3 Qh3 14. Ne4 dxe5 15. Qxe5 f6 16. Qc5 c6 17. Rhe1 Bd5 18. Nc3 Bf7 19. Re7 Qxh2 20. Rxb7 Qxg3 21. Bxh7+ Kxh7 22. Qxf8 Qxf4+ 23. Kb1 {1-0 (23) Bogdanovich,S (2596)-Kessler,L (2431) Minsk 2017}) 12. Rd3 Bf5 13. Rd2 Qh4 14. exd6 Nxd6 15. g3 Qd8 16. Rg1 a6 17. g4 Bd7 18. Bd3 Bb5 19. Nxb5 (19. g5 $16) 19... axb5 20. a3 Ra4 21. Qd5 {[%emt 0:08:19] [#]} b4 $1 22. Rg3 bxa3 23. Bxh7+ Kxh7 24. Qh5+ Kg8 25. Rh3 axb2+ 26. Kb1 Ra1+ 27. Kxb2 Qf6+ 28. c3 Nc4+ 29. Kxa1 Ra8+ 30. Ra2 Rxa2+ 31. Kxa2 Qa6+ 32. Kb3 Nd2+ 33. Kc2 Qa2+ 34. Kd1 Kf8 35. Qh8+ $2 (35. Rd3 Qb3+ 36. Ke2 Qe6+ 37. Kxd2 Qa2+ 38. Ke3 Qe6+ 39. Kf3) 35... Ke7 36. Re3+ Kf6 {[%emt 0:00:28] [#]} 37. Qd8+ 1-0

[Event "Gibraltar Amateurs A 2020"]
[Site "Caleta"]
[Date "2020.01.23"]
[Round "4.14"]
[White "Longdin, Michael"]
[Black "Nash, Damian"]
[Result "0-1"]
[ECO "D00"]
[WhiteElo "1680"]
[BlackElo "1890"]
[Annotator "NA"]
[PlyCount "110"]
[EventDate "2020.01.20"]
[EventType "swiss"]
[EventCountry "GGB"]
[SourceTitle "playchess.com"]
[Source "ChessBase"]
[SourceQuality "1"]
[TimeControl "6600+10"]

1. d4 d5 2. Bf4 Bf5 3. e3 Nc6 4. c3 (4. Nf3 e6 5. a3 Bd6 6. Bg3 Nf6 7. Nbd2 Ne4 8. Bb5 O-O 9. Nxe4 Bxe4 10. O-O Ne7 11. Bd3 Bxd3 12. Qxd3 Nf5 {½-½ (45) Semcesen,D (2450)-Tikkanen,H (2535) Uppsala 2016}) 4... Qd7 5. Nf3 f6 6. Nbd2 {[%emt 0:02:52] D00: 1 d4 d5: Unusual lines} g5 7. Bg3 h5 8. h3 $146 ({Predecessor:} 8. h4 g4 9. Ng1 e5 10. Bb5 Bd6 11. e4 dxe4 12. d5 {1-0 (39) Radlovacki,J (2379)-Kolognat,P (2305) Sombor 2009}) 8... e6 9. Nb3 O-O-O 10. Bd3 Nh6 11. a3 Bxd3 12. Qxd3 Nf5 13. Bh2 g4 14. Nfd2 Qg7 15. O-O-O g3 16. fxg3 Nxg3 17. Rhe1 h4 18. e4 Qg6 19. Bxg3 hxg3 20. Nf1 Rg8 21. exd5 Qg5+ 22. Kb1 Qxd5 23. Qc2 Qf5 24. Qxf5 exf5 25. Nfd2 b6 26. Nf3 Bd6 27. Nbd2 Ne7 28. Nc4 Nd5 (28... Rg7 $14) 29. Nxd6+ Rxd6 30. c4 Nf4 31. Rd2 (31. Nh4 $16) 31... Re6 32. Rxe6 Nxe6 33. Kc2 Kd7 34. Kd1 Ng5 35. Nxg5 fxg5 36. Re2 (36. Ke2 $11 {remains equal.}) 36... g4 37. hxg4 Rxg4 38. Rd2 Re4 39. Rd3 f4 40. b3 a5 41. d5 $2 (41. Kd2 $17) 41... Kd6 42. Kd2 (42. a4 {was necessary.}) 42... Kc5 43. Kc3 Re2 44. b4+ $2 (44. d6 {was the only defense.} cxd6 45. Rd5+ Kc6 46. Rd4) 44... axb4+ 45. axb4+ Kd6 46. Kd4 Rxg2 47. c5+ bxc5+ 48. bxc5+ Kd7 49. Rf3 Rd2+ 50. Ke5 g2 51. c6+ Ke7 52. Rh3 Re2+ 53. Kf5 g1=Q 54. Rh7+ Kd6 55. Rd7+ Kc5 0-1

[Event "Gibraltar Amateurs A 2020"]
[Site "Caleta"]
[Date "2020.01.23"]
[Round "4.15"]
[White "Marani, Luca"]
[Black "Krause, Helmut"]
[Result "1-0"]
[ECO "B28"]
[WhiteElo "1796"]
[BlackElo "1660"]
[Annotator "NA"]
[PlyCount "47"]
[EventDate "2020.01.20"]
[EventType "swiss"]
[EventCountry "GGB"]
[SourceTitle "playchess.com"]
[Source "ChessBase"]
[SourceQuality "1"]
[TimeControl "6600+10"]

1. e4 c5 2. Nf3 a6 3. d4 cxd4 4. Nxd4 Nf6 5. Nc3 e5 6. Nf5 d5 7. Nxd5 Nxd5 8. Bc4 Bxf5 9. exf5 Nf6 10. Bxf7+ Ke7 11. Qxd8+ Kxd8 12. Be3 Nbd7 13. O-O-O Kc7 14. Rd3 Bb4 15. Rhd1 Rhd8 16. a3 Ba5 17. b4 Bb6 18. Rc3+ Kb8 19. Bxb6 Rf8 20. Bc7+ Ka7 21. Be6 Nb6 22. Bxe5 Rfd8 23. Bd4 Ne4 24. Rcd3 1-0

[Event "Gibraltar Amateurs A 2020"]
[Site "Caleta"]
[Date "2020.01.23"]
[Round "4.16"]
[White "Koreywo, Witold"]
[Black "Mircov, Nicola-Alexandar"]
[Result "0-1"]
[ECO "D00"]
[WhiteElo "1601"]
[BlackElo "1788"]
[Annotator "NA"]
[PlyCount "104"]
[EventDate "2020.01.20"]
[EventType "swiss"]
[EventCountry "GGB"]
[SourceTitle "playchess.com"]
[Source "ChessBase"]
[SourceQuality "1"]
[TimeControl "6600+10"]

1. d4 c5 2. c3 d5 3. Bf4 Nc6 4. e3 f6 5. Nf3 g5 6. Nxg5 fxg5 7. Qh5+ Kd7 8. Bxg5 Qe8 9. Qf3 e6 10. Nd2 Bd6 11. dxc5 Bxc5 12. Nb3 Bd6 13. O-O-O Nge7 14. Bb5 Rf8 15. Qe2 Qg6 16. f4 Kc7 17. Bd3 Qf7 18. e4 Bxf4+ 19. Bxf4+ Qxf4+ 20. Kb1 Qf2 21. Qh5 Qf7 22. Qh4 Ng6 23. Qg3+ Qf4 24. exd5 exd5 25. Ka1 Bg4 26. Qxf4+ Nxf4 27. Rd2 Nxd3 28. Rxd3 Rad8 29. h3 Bf5 30. Rdd1 Bc2 31. Rd2 Be4 32. Rg1 Rf7 33. Nc5 Bf5 34. g4 Bc8 35. b4 b6 36. Nb3 Rf3 37. h4 Rxc3 38. b5 Ne5 39. Rf2 Bxg4 40. Nd4 Kd6 41. Rf6+ Kc5 42. Nb3+ Kxb5 43. Nd4+ Ka6 44. Nb3 h5 45. Re1 Nf3 46. Re7 d4 47. Rff7 d3 48. Rxa7+ Kb5 49. a4+ Kb4 50. Rfb7 Kxb3 51. Rxb6+ Ka3 52. Rb1 d2 0-1

[Event "Gibraltar Amateurs A 2020"]
[Site "Caleta"]
[Date "2020.01.23"]
[Round "4.17"]
[White "Collins, Andrew"]
[Black "Krause, Marianne"]
[Result "1-0"]
[ECO "B28"]
[WhiteElo "1720"]
[BlackElo "1609"]
[Annotator "NA"]
[PlyCount "121"]
[EventDate "2020.01.20"]
[EventType "swiss"]
[EventCountry "GGB"]
[SourceTitle "playchess.com"]
[Source "ChessBase"]
[SourceQuality "1"]
[TimeControl "6600+10"]

1. e4 c5 2. Nf3 a6 3. d4 cxd4 4. Nxd4 Nf6 5. Nc3 e5 6. Nb3 Bb4 7. Bd3 Bxc3+ 8. bxc3 d6 9. O-O O-O 10. Bg5 Nbd7 11. c4 b6 12. Qe2 Bb7 13. Nd2 Nc5 14. Rfe1 h6 15. Bxf6 Qxf6 16. Rab1 Na4 17. Qe3 Qd8 18. Rb4 Nc5 19. Reb1 Nd7 20. h3 Qc7 21. Nf1 Qc6 22. f3 Rfc8 23. Ng3 Re8 24. Nf5 Re6 25. a4 Qc5 26. Rxb6 Qxe3+ 27. Nxe3 Nxb6 28. Rxb6 Bc8 29. Nf5 a5 30. Nxd6 Bd7 31. c5 Bxa4 32. Bc4 Re7 33. Nf5 Rc7 34. Bd5 Raa7 35. c6 Bxc2 36. Nd6 Bd3 37. Rb8+ Kh7 38. Ne8 Re7 39. Nd6 Rec7 40. Rf8 f6 41. h4 Kg6 42. Kh2 h5 43. Be6 Kh7 44. Nf7 g6 45. Nd8 Rg7 46. Rxf6 a4 47. Ba2 a3 48. Ne6 Rgc7 49. Nxc7 Rxc7 50. Rf7+ Rxf7 51. Bxf7 Ba6 52. Be6 Kg7 53. Kg3 Kf8 54. f4 exf4+ 55. Kxf4 Ke7 56. Ke5 Kd8 57. Kd6 Bc8 58. Ba2 Ba6 59. e5 Ke8 60. e6 Bc8 61. Bb1 1-0

[Event "Gibraltar Amateurs A 2020"]
[Site "Caleta"]
[Date "2020.01.23"]
[Round "4.18"]
[White "Guardia Bencomo, Tomas"]
[Black "O Muireagain, Colm"]
[Result "0-1"]
[ECO "B23"]
[WhiteElo "1660"]
[BlackElo "1376"]
[Annotator "NA"]
[PlyCount "112"]
[EventDate "2020.01.20"]
[EventType "swiss"]
[EventCountry "GGB"]
[SourceTitle "playchess.com"]
[Source "ChessBase"]
[SourceQuality "1"]
[TimeControl "6600+10"]

1. e4 c5 2. Nc3 Nc6 3. Bb5 Nd4 4. Bc4 Nf6 5. Nge2 e6 6. O-O a6 7. a4 d5 8. exd5 exd5 9. Ba2 Nxe2+ 10. Qxe2+ Be7 11. Re1 Be6 12. d3 O-O 13. Bg5 Re8 14. a5 Qd7 15. Bb3 Qd6 16. Bh4 b5 17. axb6 Kf8 18. b7 Rad8 19. Bg3 Qb6 20. b8=Q Rxb8 21. Bxb8 Qxb8 22. Rxa6 Bd6 23. g3 Bc8 24. Qxe8+ Nxe8 25. Ra5 c4 26. Ba4 Be6 27. Nxd5 Bb4 28. Rb5 Qxb5 29. Bxb5 Bxe1 30. dxc4 Nd6 31. Nc7 Bxc4 32. Bxc4 Nxc4 33. b3 Na3 34. c4 Nc2 35. Kf1 Ba5 36. Nd5 Ke8 37. Kg2 Kd7 38. f3 Kc6 39. Kh3 Kc5 40. Kg4 Nd4 41. h4 Nxb3 42. Ne3 Nd2 43. h5 Nxc4 44. Nf5 Bc3 45. h6 g6 46. Nh4 Kd5 47. f4 f5+ 48. Kh3 Ne3 49. Nf3 Bf6 50. Nh2 Ke4 51. g4 Nxg4 52. Nxg4 fxg4+ 53. Kxg4 Be7 54. f5 gxf5+ 55. Kh5 Bf8 56. Kg5 Bxh6+ 0-1

[Event "Gibraltar Amateurs A 2020"]
[Site "Caleta"]
[Date "2020.01.24"]
[Round "5.1"]
[White "Dragic, Dragan"]
[Black "Ashwani Kumar Grover"]
[Result "0-1"]
[ECO "D31"]
[WhiteElo "1781"]
[BlackElo "1731"]
[Annotator "NA RC"]
[PlyCount "152"]
[EventDate "2020.01.20"]
[EventType "swiss"]
[EventCountry "GGB"]
[SourceTitle "playchess.com"]
[Source "ChessBase"]
[SourceQuality "1"]
[TimeControl "6600+10"]

1. d4 d5 2. c4 e6 3. Nc3 c6 4. Nf3 dxc4 5. e3 b5 6. Ne5 Nf6 7. a4 Bb4 8. Qf3 Qd5 9. Be2 Qxf3 10. Bxf3 Nd5 11. Bd2 f6 12. Bxd5 exd5 13. Nf3 a6 14. O-O Bxc3 15. Bxc3 Kf7 16. Nd2 Re8 17. Rfc1 Nd7 18. axb5 cxb5 19. Ba5 Nb8 20. Nb1 Nc6 21. b4 Re6 22. Nc3 Bb7 23. Rcb1 Rc8 24. h4 h5 25. Kf1 Ne7 26. Ne2 Nf5 27. Nf4 Re4 28. g3 g6 29. Bb6 Ng7 30. Ra3 Rce8 31. Re1 R4e7 32. Bc5 Rd7 33. f3 Ne6 34. Ne2 g5 35. Kf2 Rdd8 36. hxg5 Nxg5 37. Nf4 Rh8 38. Rh1 Ne6 39. Nxh5 Ng7 40. g4 Rh7 41. Ng3 Rxh1 42. Nxh1 Rh8 43. Kg2 Bc8 44. Ng3 Kg6 45. Ne2 Ne6 46. Bd6 Rd8 47. Bg3 f5 48. gxf5+ Kxf5 49. Be5 Rg8+ 50. Ng3+ Kg6 51. Ra1 Ng7 52. e4 dxe4 53. Nxe4 Nf5 54. Kf2 Rd8 55. Rg1+ Kf7 56. Ng5+ Ke7 57. Rh1 Kd7 58. d5 Re8 59. f4 Bb7 60. Rd1 Nd6 61. Ne6 Ne4+ 62. Kf3 Nd6 63. Nc5+ Ke7 64. Bxd6+ Kxd6 65. Nxb7+ Kc7 66. Nc5 a5 67. d6+ Kc6 68. d7 Rd8 69. f5 axb4 70. Ne6 Rxd7 71. Rxd7 Kxd7 72. Ke4 c3 73. Kd4 Ke7 74. Ke5 c2 75. f6+ Ke8 76. Ng5 c1=Q 0-1

[Event "Gibraltar Amateurs A 2020"]
[Site "Caleta"]
[Date "2020.01.24"]
[Round "5.2"]
[White "Teh, Wee Zhun"]
[Black "Dennis, Nigel W"]
[Result "1/2-1/2"]
[ECO "E73"]
[WhiteElo "1857"]
[BlackElo "1784"]
[Annotator "NA RC"]
[PlyCount "53"]
[EventDate "2020.01.20"]
[EventType "swiss"]
[EventCountry "GGB"]
[SourceTitle "playchess.com"]
[Source "ChessBase"]
[SourceQuality "1"]
[TimeControl "6600+10"]

1. d4 Nf6 2. c4 g6 3. Nc3 Bg7 4. e4 d6 5. Be2 O-O 6. Be3 e5 7. d5 Nbd7 8. g4 Nc5 {[%emt 0:00:20] E73: King's Indian: Averbakh Variation without 6...c5} 9. f3 a5 (9... h5 10. g5 Nh7 11. Qd2 f6 12. h4 fxg5 13. hxg5 Rf4 14. Bxf4 exf4 15. Nh3 Bxh3 16. Rxh3 Nxg5 {1-0 (46) Aravindh,C (2605)-Shimanov,A (2587) Moscow 2019}) 10. h4 h5 11. g5 Ne8 12. Qd2 f5 13. gxf6 Bxf6 14. Bf2 $146 ({Predecessor:} 14. O-O-O Kh7 15. Nh3 Bxh3 16. Rxh3 {½-½ (57) Handler,L (2389)-Enoeckl,P (2294) Austria 2018}) 14... Kh7 15. O-O-O a4 16. Nh3 Bxh3 17. Rxh3 Bg7 {[%emt 0:00:29] [#]} 18. Be3 $1 Nf6 19. Rg1 Ng8 20. Rhg3 Rf6 21. Kb1 Bh6 22. Bxh6 Nxh6 23. Bd1 Ng8 24. Qg2 Ne7 25. Rg5 Qf8 26. Be2 Qf7 27. Qg3 $11 1/2-1/2

[Event "Gibraltar Amateurs A 2020"]
[Site "Caleta"]
[Date "2020.01.24"]
[Round "5.4"]
[White "Zitan, Abdelhay"]
[Black "Anjali R. Sagar"]
[Result "0-1"]
[ECO "C68"]
[WhiteElo "1705"]
[BlackElo "1775"]
[Annotator "NA RC"]
[PlyCount "80"]
[EventDate "2020.01.20"]
[EventType "swiss"]
[EventCountry "GGB"]
[SourceTitle "playchess.com"]
[Source "ChessBase"]
[SourceQuality "1"]
[TimeControl "6600+10"]

1. e4 e5 2. Nf3 Nc6 3. Bb5 a6 4. Bxc6 dxc6 5. O-O Bg4 6. h3 Bxf3 7. Qxf3 Qf6 8. Qxf6 Nxf6 9. d3 Bc5 10. Nc3 O-O 11. Kh2 Nh5 12. g3 Rad8 13. Ne2 h6 14. g4 Nf6 15. f4 Nd7 16. c3 exf4 17. d4 Bb6 18. Bxf4 Rfe8 19. e5 f6 20. Rad1 fxe5 21. dxe5 Nf8 22. Bg3 Rxd1 23. Rxd1 Ng6 24. Kg2 Nxe5 25. Nd4 Nc4 26. Rb1 c5 27. Nf5 Re2+ 28. Kf3 Rxb2 29. Rxb2 Nxb2 30. Ne7+ Kf7 31. Nd5 Na4 32. Nxb6 cxb6 33. Be5 c4 34. Bd4 Nc5 35. Bxc5 bxc5 36. Ke4 Ke6 37. a4 b5 38. axb5 axb5 39. h4 g6 40. Ke3 Ke5 0-1

[Event "Gibraltar Amateurs A 2020"]
[Site "Caleta"]
[Date "2020.01.24"]
[Round "5.5"]
[White "Stamenov, Valeriy"]
[Black "Coric, Gojko"]
[Result "1-0"]
[ECO "C50"]
[WhiteElo "1761"]
[BlackElo "1704"]
[Annotator "NA RC"]
[PlyCount "85"]
[EventDate "2020.01.20"]
[EventType "swiss"]
[EventCountry "GGB"]
[SourceTitle "playchess.com"]
[Source "ChessBase"]
[SourceQuality "1"]
[TimeControl "6600+10"]

1. e4 e5 2. Nf3 Nc6 3. Bc4 Bc5 4. O-O Nf6 5. d4 Nxd4 6. Nxe5 Ne6 7. Bxe6 fxe6 8. Nd3 Be7 9. e5 Nd5 10. Qh5+ g6 11. Qf3 Bg5 12. Nd2 Rf8 13. Qh3 Rf7 14. Ne4 Be7 15. c4 Nb6 16. b3 d6 17. Bb2 Bd7 18. Rad1 Bc6 19. f3 Bd7 20. Ndf2 d5 21. cxd5 Nxd5 22. Ng4 Kf8 23. Qh6+ Kg8 24. Rxd5 exd5 25. Nef6+ Bxf6 26. Nxf6+ Rxf6 27. exf6 Qf8 28. Qg5 Be6 29. h4 Re8 30. h5 Bf7 31. hxg6 hxg6 32. f4 Kh7 33. Rf3 Be6 34. f5 Bxf5 35. Rxf5 Qf7 36. Rxd5 c6 37. Rd3 Re1+ 38. Kf2 Rh1 39. Rh3+ Rxh3 40. gxh3 Qd7 41. Qe3 Qf5+ 42. Kg3 Qd7 43. Qe7+ 1-0

[Event "Gibraltar Amateurs A 2020"]
[Site "Caleta"]
[Date "2020.01.24"]
[Round "5.6"]
[White "Sagar Siya"]
[Black "D`haluin, Wim"]
[Result "1-0"]
[ECO "B78"]
[WhiteElo "1740"]
[BlackElo "1686"]
[Annotator "NA RC"]
[PlyCount "63"]
[EventDate "2020.01.20"]
[EventType "swiss"]
[EventCountry "GGB"]
[SourceTitle "playchess.com"]
[Source "ChessBase"]
[SourceQuality "1"]
[TimeControl "6600+10"]

1. e4 c5 2. Nf3 Nc6 3. d4 cxd4 4. Nxd4 g6 5. Nc3 Bg7 6. Be3 d6 7. Bc4 Nf6 8. f3 O-O 9. Qd2 Re8 10. O-O-O Ne5 11. Bb3 Bd7 12. Kb1 Rc8 13. g4 Nc4 14. Bxc4 Rxc4 15. h4 a6 16. h5 b5 17. hxg6 fxg6 18. Nd5 Rf8 19. Qh2 Nxd5 20. Qxh7+ Kf7 21. Bh6 Rg8 22. exd5 Qf8 23. Ne6 Bxe6 24. dxe6+ Kf6 25. g5+ Kxe6 26. Qxg6+ Kd7 27. Rd3 Rf4 28. Re3 Rxf3 29. Qe6+ Kd8 30. Rxf3 Qxf3 31. Qxg8+ Kd7 32. Rc1 1-0

[Event "Gibraltar Amateurs A 2020"]
[Site "Caleta"]
[Date "2020.01.24"]
[Round "5.7"]
[White "Greco, Joseph"]
[Black "Marani, Luca"]
[Result "1-0"]
[ECO "C26"]
[WhiteElo "1691"]
[BlackElo "1796"]
[Annotator "NA RC"]
[PlyCount "59"]
[EventDate "2020.01.20"]
[EventType "swiss"]
[EventCountry "GGB"]
[SourceTitle "playchess.com"]
[Source "ChessBase"]
[SourceQuality "1"]
[TimeControl "6600+10"]

1. e4 e5 2. Nc3 Nf6 3. g3 Bc5 4. Bg2 a6 5. Nf3 Nc6 6. O-O Ba7 7. a4 b5 8. d3 b4 9. Nd5 d6 10. Bg5 Bg4 11. c3 Rb8 12. h3 Be6 13. Nh4 bxc3 14. bxc3 Rb2 15. Qf3 Bxd5 16. exd5 Na5 17. Nf5 O-O 18. h4 Nb3 19. Rad1 Nc5 20. h5 Kh8 21. h6 gxh6 22. Nxh6 Ncd7 23. Bh3 Kg7 24. Bxd7 Kg6 25. Qf5+ Kg7 26. Ng4 Nxg4 27. Bxd8 Bxf2+ 28. Kh1 h5 29. Qg5+ Kh8 30. Qxh5+ 1-0

[Event "Gibraltar Amateurs A 2020"]
[Site "Caleta"]
[Date "2020.01.24"]
[Round "5.8"]
[White "Kuenitz, Klaus"]
[Black "Sedgwick, David"]
[Result "0-1"]
[ECO "C02"]
[WhiteElo "1726"]
[BlackElo "1894"]
[Annotator "NA RC"]
[PlyCount "58"]
[EventDate "2020.01.20"]
[EventType "swiss"]
[EventCountry "GGB"]
[SourceTitle "playchess.com"]
[Source "ChessBase"]
[SourceQuality "1"]
[TimeControl "6600+10"]

1. e4 e6 2. d4 d5 3. e5 c5 4. c3 Nc6 5. Nf3 Qb6 6. a3 Bd7 7. dxc5 {[%emt 0:01:01] C02: French: Advance Variation} (7. b4 $14 {stays ahead.} cxd4 8. cxd4 Rc8 9. Bb2 Nge7 10. Qd2 Nf5 11. g4 Nh6 12. Rg1 f6 13. exf6 gxf6 14. Nc3 Nf7 15. h4 Ne7 16. Bd3 Bg7 17. Ne2 e5 18. dxe5 fxe5 {½-½ (71) Svidler,P (2729)-Lupulescu,C (2643) Douglas 2019}) 7... Bxc5 8. Qc2 a5 9. Bd3 Nge7 10. O-O Ng6 11. Bxg6 $146 ({Predecessor:} 11. Re1 Rc8 12. h4 a4 13. h5 Nge7 14. h6 gxh6 15. Bxh6 Na5 16. Ng5 Nb3 17. Ra2 Ng6 18. Bg7 Rg8 19. Bf6 h6 20. Nh3 {½-½ (20) Zhizmer,Y (2251)-Fingerov,D (2391) Kiev 2002}) 11... hxg6 12. Bg5 (12. a4 $11 {keeps the balance.}) 12... Be7 13. Bf4 Rc8 14. Qd2 a4 15. Nd4 Na5 16. Qc1 Bc5 17. Be3 Nb3 18. Nxb3 Bxe3 19. Qxe3 Qxb3 20. Qc1 d4 21. Rd1 Qb5 22. f4 (22. Qf4 $15) 22... Qc5 23. Kh1 Bc6 24. Qd2 {[%emt 0:02:13] [#]} d3 $1 25. c4 Rh4 26. Nc3 (26. Qe1 $142 Rxf4 27. Rd2) 26... Rg4 27. Rg1 Qxc4 28. Raf1 Ke7 29. Nd1 $2 {[%emt 0:00:33] [#]} (29. h3) 29... Rh8 $19 0-1

[Event "Gibraltar Amateurs A 2020"]
[Site "Caleta"]
[Date "2020.01.24"]
[Round "5.9"]
[White "Nash, Damian"]
[Black "Collins, Andrew"]
[Result "1-0"]
[ECO "A00"]
[WhiteElo "1890"]
[BlackElo "1720"]
[Annotator "NA RC"]
[PlyCount "76"]
[EventDate "2020.01.20"]
[EventType "swiss"]
[EventCountry "GGB"]
[SourceTitle "playchess.com"]
[Source "ChessBase"]
[SourceQuality "1"]
[TimeControl "6600+10"]

1. Nc3 Nf6 2. g3 d5 3. Bg2 c6 4. d3 e5 5. e4 d4 (5... dxe4 6. dxe4 Qxd1+ 7. Nxd1 Be6 8. f3 Na6 9. a3 Nd7 10. Be3 Bc5 11. Ne2 Ke7 12. Kf2 {½-½ (33) Lu,S (2620)-Wang,Y (2706) China 2017}) 6. Nce2 {[%emt 0:00:11] A00: Irregular Openings} Be7 7. f4 Nbd7 $146 ({Predecessor:} 7... Ng4 8. Nf3 exf4 9. Bxf4 Bb4+ 10. c3 dxc3 11. bxc3 Qb6 {0-1 (30) Wawrinsky,L (1830)-Knoblach,N (1810) Bad Neuenahr 2014}) 8. Nf3 exf4 9. gxf4 c5 10. O-O Nb6 11. a4 a5 12. Bd2 Ra6 13. Qe1 Ng4 14. h3 Nf6 15. b3 Na8 16. Rd1 Nh5 17. Bc1 Bd7 18. c3 Be6 19. c4 Qc8 (19... Bd7 $11 {remains equal.}) 20. f5 Bd7 21. Nf4 Nxf4 22. Bxf4 g5 23. Nxg5 h6 24. Nf3 f6 $2 (24... Rg8 {was called for.} 25. Kh1 Qd8) 25. Nh4 Rg8 26. Qe2 Kd8 27. Qh5 Nc7 28. Bxh6 Rb6 $2 (28... Be8 {is tougher.} 29. Ng6 Qd7) 29. Qf7 Re8 30. Ng6 Bc6 31. Bg7 Rxb3 32. Nxe7 Rxe7 33. Bxf6 {[%emt 0:00:14] Pin} Qd7 34. e5 Rb2 35. Qf8+ {[%emt 0:02:16] Pin} Ne8 36. Qxe7+ Qxe7 37. Bxe7+ Kxe7 38. Bxc6 $18 bxc6 1-0

[Event "Gibraltar Amateurs A 2020"]
[Site "Caleta"]
[Date "2020.01.24"]
[Round "5.11"]
[White "Mircov, Nicola-Alexandar"]
[Black "White, Gary"]
[Result "1-0"]
[ECO "B02"]
[WhiteElo "1788"]
[BlackElo "1608"]
[Annotator "NA RC"]
[PlyCount "78"]
[EventDate "2020.01.20"]
[EventType "swiss"]
[EventCountry "GGB"]
[SourceTitle "playchess.com"]
[Source "ChessBase"]
[SourceQuality "1"]
[TimeControl "6600+10"]

1. e4 Nf6 2. e5 Nd5 3. c4 Nb6 4. c5 Nd5 5. Nc3 Nxc3 6. dxc3 d6 7. Bc4 e6 8. cxd6 cxd6 9. Bf4 d5 10. Bd3 Nc6 11. Nf3 Be7 12. h4 h6 13. Qe2 Bd7 14. g4 Qa5 15. Kf1 O-O-O 16. Kg2 Rdg8 17. a4 Qd8 18. a5 g5 19. hxg5 Bxg5 20. Bxg5 Rxg5 21. Nxg5 Qxg5 22. Rh5 Qg7 23. b4 f5 24. exf6 Qxf6 25. b5 Nb4 26. b6 Nxd3 27. Qxd3 a6 28. Qd4 Qd8 29. Rah1 Re8 30. Kg3 Bc6 31. Qe5 d4 32. Rd1 d3 33. Rxh6 d2 34. Rxd2 Qe7 35. Rxe6 Qf7 36. Rxe8+ Bxe8 37. Qd6 Qd7 38. Qxd7+ Bxd7 39. f4 Be8 1-0